 Dungeon Crawl Stone Soup version 0.32-a0-132-g2d33c3cfaf (webtiles) character file.

Game seed: 12373237966445366667

1806 greenreed the Ruffian (level 8, 0/89 HPs)
             Began as a Troll Shapeshifter on Feb 9, 2024.
             Slain by a steam dragon (7 damage)
             ... on level 6 of the Dungeon.
             The game lasted 00:08:56 (4176 turns).

greenreed the Ruffian (Troll Shapeshifter)          Turns: 4176, Time: 00:08:59

Health: 0/89       AC:  6    Str: 25    XL:     8   Next: 84%
Magic:  7/7        EV: 10    Int:  6    God:
Gold:   216        SH:  0    Dex:  9    Spells: 7/7 levels left

rFire   . .          .
                       - Unarmed
rCold   . . .        (no shield)
rNeg    . . .        a - +0 animal skin
rPois   +            (helmet currently unavailable)
rElec   .            (cloak currently unavailable)
rCorr   .            (gloves unavailable)
SInv    +            (boots unavailable)
Will    .....        B - amulet of regeneration
Stlth   +            p - ring of poison resistance
HPRegen 1.94/turn    u - ring of see invisible
MPRegen 0.10/turn

%: no passive effects
@: beast-form, hasted, very quick
A: beast (slay +2), large, unfitting armour, claws 3, regeneration 1, shaggy fur
1, tough skin 1, iridescent scales 1, robust 1
a: Begin Untransformation


You were on level 6 of the Dungeon.
You were a hulking beast.
You visited 1 branch of the dungeon, and saw 6 of its levels.

You collected 216 gold pieces.

Inventory:

Missiles
 g - 7 poisoned darts (quivered)
Armour
 a - a +0 animal skin (worn)
Jewellery
 p - a ring of poison resistance (left claw)
 u - a ring of see invisible (right claw)
 A - an amulet of magic regeneration
 B - an amulet of regeneration (around neck)
Talismans
 c - a beast talisman (active)
 d - a flux talisman
Wands
 o - a wand of light (6)
 s - a wand of flame (25)
 v - a wand of iceblast (12)
Scrolls
 b - 4 scrolls of teleportation {unknown}
 e - 2 scrolls of fear {unknown}
 h - 2 scrolls of identify {unknown}
 i - a scroll of enchant weapon {unknown}
 j - a scroll of brand weapon {unknown}
 k - a scroll of enchant armour {unknown}
 q - a scroll of vulnerability {unknown}
 w - a scroll of poison {unknown}
 x - a scroll of immolation {unknown}
 y - a scroll of fog {unknown}
Potions
 f - 3 potions of mutation
 l - a potion of resistance {unknown}
 r - a potion of curing {unknown}
 t - a potion of berserk rage {unknown}
 z - a potion of brilliance {unknown}


   Skills:
 * Level 5.6 Fighting
 + Level 4.0 Dodging
 * Level 7.3 Unarmed Combat
 + Level 5.0 Shapeshifting


You had 7 spell levels left.
You didn't know any spells.
Your spell library contained the following spells:

 Spells                   Type           Power      Damage    Failure   Level
 Ensorcelled Hibernation  Hex/Ice        0%         N/A       58%         2
 Lesser Beckoning         Tloc           0%         N/A       58%         2
 Gell's Gravitas          Tloc           0%         N/A       83%         3
 Inner Flame              Hex/Fire       0%         N/A       83%         3
 Passwall                 Erth           0%         N/A       83%         3
 Swiftness                Air            0%         N/A       83%         3
 Teleport Other           Tloc           0%         N/A       83%         3
 Animate Armour           Summ/Erth      0%         N/A       99%         4
 Flame Wave               Conj/Fire      0%         2d4       99%         4
 Sticky Flame             Fire/Alch      0%         2d4       99%         4
 Summon Lightning Spire   Summ/Air       0%         N/A       99%         4
 Lee's Rapid Deconstruct  Erth           0%         3d4*      100%        5
 Summon Forest            Summ/Tloc      0%         N/A       100%        5
 Summon Mana Viper        Hex/Summ       0%         N/A       100%        5
 Summon Cactus Giant      Summ           0%         N/A       100%        6


Dungeon Overview and Level Annotations

Branches:
Dungeon (6/15)
 Temple: D:4-7

Altars:
Cheibriados
Okawaru
Vehumet

Shops:
D:1 *


Innate Abilities, Weirdness & Mutations

You are a hulking beast.
Your limbs bulge with bestial killing power. (Slay +2)
You are too large for most types of armour.
You have claws for hands.
Your natural rate of healing is unusually fast.
You are covered in fur. (AC +1)
You have tough skin. (AC +1)
You are partially covered in iridescent scales. (AC +2)
You are robust. (+10% HP)


Message History

You claw the steam dragon!
The steam dragon is heavily wounded.
You are engulfed in a cloud of scalding steam.
The steam dragon barely misses you. The steam dragon claws you.
The steam dragon bites you. The steam dragon barely misses you.
You scratch the steam dragon.
The steam dragon is heavily wounded.
The steam dragon barely misses you. The steam dragon claws you.
You claw the steam dragon!
The steam dragon is almost dead.
The steam dragon breathes steam at you. The ball of steam hits you!!
* * * LOW HITPOINT WARNING * * *
The steam dragon attacks as it pursues you!
The steam dragon barely misses you. The steam dragon closely misses you.
You closely miss the steam dragon.
The steam dragon is almost dead.
The steam dragon bites you!
* * * LOW HITPOINT WARNING * * *
The steam dragon barely misses you.
It was a potion of mutation.
You feel extremely strange.
Iridescent scales grow over part of your body.
You feel robust. The steam dragon breathes steam at you.
The ball of steam hits you!
* * * LOW HITPOINT WARNING * * *
The ice beast barely misses you.
It was a potion of haste.
You feel yourself speed up. The steam dragon breathes steam at you.
The ball of steam misses you.
The ice beast is engulfed in a cloud of scalding steam.
The ice beast barely misses you.
Okay, then.
It was a potion of magic.
Magic courses through your body.
You are engulfed in a cloud of scalding steam.
* * * LOW HITPOINT WARNING * * *
The ice beast is engulfed in a cloud of scalding steam.
The ice beast hits you but does no damage.
The steam dragon bites you!
You die...

#.....##..## ##
##
##...#..##..####
.#
##..####..##..##.
#.# #...#
#.##..... #..
#..## #.......#
#..##..#
##......#
#..#§§.# #####..#
#..§§§## ##..
#..§h## ##.
#..YD# # #.....#
##.#..# #.##.. ##
#... ##... #...
####


You could see a steam dragon (catching breath) and an ice beast.

Vanquished Creatures
  Grinder (D:3)
  Sigmund (D:2)
  Edmund (D:5)
  2 phantoms
  4 scorpions
  A gnoll sergeant (D:5)
  2 howler monkeys (D:5)
  4 bombardier beetles
  6 orc priests
  A jelly (D:6)
  A hound (D:5)
  5 iguanas
  3 orc wizards
  A sleepcap (D:4)
  7 adders
  3 gnolls (D:5)
  A white imp (D:6)
  2 dart slugs
  A ribbon worm (D:4)
  25 orcs
  8 ball pythons
  A bat (D:1)
  7 endoplasms
  A giant cockroach (D:1)
  7 goblins
  7 hobgoblins
  10 kobolds
  3 quokkas
  4 frilled lizards
  4 rats
124 creatures vanquished.

Notes
Turn   | Place    | Note
-------+----------+-------------------------------------------
     0 | D:1      | greenreed the Troll Shapeshifter began the quest for the
                  | Orb.
     0 | D:1      | Reached XP level 1. HP: 18/18 MP: 0/0
    43 | D:1      | Reached skill level 1 in Fighting
   138 | D:1      | Found Butzuy's Assorted Antiques.
   146 | D:1      | Reached XP level 2. HP: 26/27 MP: 1/1
   901 | D:2      | Reached XP level 3. HP: 32/35 MP: 2/2
  1229 | D:2      | Noticed Sigmund
  1241 | D:2      | Killed Sigmund
  1242 | D:2      | Reached skill level 4 in Unarmed Combat
  1242 | D:2      | Reached XP level 4. HP: 20/44 MP: 3/3
  1242 | D:2      | Reached XP level 5. HP: 24/52 MP: 4/4
  1542 | D:3      | Reached XP level 6. HP: 61/61 MP: 5/5
  1671 | D:3      | Noticed Grinder
  1678 | D:3      | Killed Grinder
  1679 | D:3      | Reached skill level 5 in Unarmed Combat
  1956 | D:4      | Reached XP level 7. HP: 67/67 MP: 6/6
  2637 | D:5      | Entered Level 5 of the Dungeon
  2726 | D:5      | Found a snail-covered altar of Cheibriados.
  2726 | D:5      | Found an iron altar of Okawaru.
  2807 | D:5      | Reached skill level 6 in Unarmed Combat
  2941 | D:5      | Reached XP level 8. HP: 67/79 MP: 7/7
  3088 | D:5      | Found a radiant altar of Vehumet.
  3181 | D:5      | Reached skill level 5 in Fighting
  3604 | D:6      | Noticed Edmund
  3619 | D:5      | Killed Edmund
  3620 | D:5      | Reached skill level 7 in Unarmed Combat
  3932 | D:6      | Reached skill level 5 in Shapeshifting
  4174 | D:6      | Gained mutation: You are partially covered in iridescent
                  | scales. (AC +2) [potion of mutation]
  4174 | D:6      | Gained mutation: You are robust. (+10% HP) [potion of
                  | mutation]
  4174 | D:6      | HP: 4/89 [steam dragon/ball of steam (14)]
  4176 | D:6      | Slain by a steam dragon

Illustrated notes

Levels and vault maps discovered:
D:1:      dpeg_arrival_tiny_f, layout_basic, serial_shops, shop,
          minmay_misc_feat_hallway
D:2:      layout_loops_cross, uniq_sigmund
D:3:      layout_rooms, serial_glass, glass_columns_a, glass_columns_c,
          glass_columns_c, glass_columns_a, glass_columns_a, uniq_grinder
D:4:      layout_gridville
D:5:      nicolae_cairo_tiling_very_big, layout_gridville, fiery_altar_vehumet,
          gammafunk_temple_overflow_pools, chequers_serial_rivers_room_a,
          grunt_tough_drop
D:6:      layout_layer_cave, serial_shops, nicolae_lakefront_shop,
          uniq_menkaure, uniq_edmund

Skill      XL: |  1  2  3  4  5  6  7  8 |
---------------+-------------------------+-----
Fighting       | 1 2 3 4 5 |  5.6
Dodging        | 2 3 4 |  4.0
Unarmed Combat | 4 5 6 7 |  7.3
Shapeshifting  | 4 5 |  5.0

Action                     |  1- 3 |  4- 6 |  7- 9 || total
---------------------------+-------+-------+-------++-------
  Melee: Unarmed           |    65 |    41 |   181 ||   287
         Punch             |     2 |       |     8 ||    10
  Throw: Dart              |     1 |       |       ||     1
  Evoke: Wand              |       |       |     3 ||     3
    Use: Potion            |     1 |       |     3 ||     4
 Armour: Animal skin       |    33 |    21 |   102 ||   156
         Skin              |     5 |       |       ||     5
  Dodge: Dodged            |    23 |    11 |    85 ||   119
   Form: Beast             |       |     2 |       ||     2
                           |       |     1 |       ||     1

Table legend: (Time is in decaauts)
 A = Elapsed time spent in this place.
 B = Non-inter-level travel time spent in this place.
 C = Inter-level travel time spent in this place.
 D = Time resting spent in this place.
 E = Time spent auto-exploring this place.
 F = Levels seen in this place.
 G = Mean time per level.
                   A        B        C        D        E       F      G
               +--------+--------+--------+--------+--------+-----+--------+
         Total |   4146 |   3911 |    235 |     56 |   3155 |   6 |  691.0 |
       Dungeon |   4146 |   3911 |    235 |     56 |   3155 |   6 |  691.0 |
               +--------+--------+--------+--------+--------+-----+--------+

Top non-repeatable levels by time:
     D:5: 1009 daAuts
     D:1: 889 daAuts
     D:4: 730 daAuts
     D:2: 639 daAuts
     D:6: 485 daAuts
     D:3: 392 daAuts
